Cogmind - Beta 14 @@@ ROGUE MODE // 2024.08.31 @ 23:01:30 Player: KLAWKRUSHA Result: Destroyed by 25-OQ7(R) with Subdweller Laser Performance ------------- Evolutions (0) 0 Regions Visited (2) 400 Robots Destroyed (14) 70 Value Destroyed (325) 325 Prototype IDs (0) 0 Alien Tech Used (0) 0 Bonus (0) 0 TOTAL SCORE: 795 Bonus ------- None Cogmind --------- Core Integrity 0/250 Matter 300/300 Energy 246/250 System Corruption 0% Temperature Cool (6) Movement Treading (160) Location -10/Subcaves Parts ------- > --- POWER (1) -------- Ion Engine > --- PROPULSION (2) --- Light Treads > --- UTILITY (2) ------ Small Storage Unit > --- WEAPON (2) ------- Battle Cannon Mining Claw > --- INVENTORY (8) ---- Makeshift Leg Small Storage Unit Subdweller Optics Light Armor Plating Scrap Shield Light Cannon Scrap Shield Fragment (49) Peak State ------------ > --- POWER ------------ Ion Engine > --- PROPULSION ------- Light Treads Light Treads > --- UTILITY ---------- Small Storage Unit Propulsion Shielding > --- WEAPON ----------- Assault Rifle Mining Claw > --- INVENTORY -------- Ion Engine Light Treads Light Treads Small Storage Unit Light Armor Plating Scrap Shield Light Cannon [Rating: 8] Favorites ----------- Power Ion Engine Engine Ion Engine Propulsion Light Treads Treads Light Treads Wheel Subdweller Monowheel Utility Small Storage Unit Storage Small Storage Unit Protection Propulsion Shielding Weapon Assault Rifle Ballistic Gun Assault Rifle Ballistic Cannon Light Cannon Slashing Weapon Mining Claw Build | -11 -10 -10 ------- Run | Yrd Mat Sub Slots Evolved . | . . . Power . | . . . Propulsion . | . . . Utility . | . . . Weapon . | . . . Parts Attached 15 | 6 3 6 Power 3 | 1 1 1 Engine 3 | 1 1 1 Core . | . . . Reactor . | . . . Propulsion 5 | 2 . 3 Treads 4 | 2 . 2 Leg . | . . . Wheel 1 | . . 1 Hover . | . . . Flight . | . . . Utility 2 | 1 1 . Device . | . . . Storage 1 | 1 . . Processor . | . . . Hackware . | . . . Protection 1 | . 1 . Artifact . | . . . Weapon 5 | 2 1 2 Energy Gun . | . . . Energy Cannon . | . . . Ballistic Gun 2 | 2 . . Ballistic Cannon 2 | . . 2 Launcher . | . . . Special Weapon . | . . . Impact Weapon . | . . . Slashing Weapon 1 | . 1 . Piercing Weapon . | . . . Special Melee Weapon . | . . . Unidentified Prototypes . | . . . Parts Lost 5 | . . 5 Power 1 | . . 1 Propulsion 2 | . . 2 Utility 1 | . . 1 Weapon 1 | . . 1 Highest Loss Streak 4 | . . 4 To Critical Strikes 1 | . . 1 Average Slot Usage (%) 91 | . 95 82 Engine 13 | . 14 13 Treads 25 | . 28 20 Storage 14 | . 14 14 Protection 7 | . 9 1 Ballistic Gun 18 | . 26 2 Ballistic Cannon 3 | . . 12 Slashing Weapon 5 | . 1 14 Peak Build Rating 8 | 6 7 8 Average Rating 6 | 4 6 7 On Entrance 4 | . 6 7 Naked Turns . | . . . Heaviest Build 15 | 12 15 15 Greatest Support 40 | 40 40 40 Greatest Overweight (x) 4 | . . 4 Average Overweight (x) . | . . . Largest Inventory Capacity 8 | 8 8 8 Average Capacity 7 | 6 8 8 Most Carried 8 | 2 7 8 Average Carried 5 | . 4 7 Final Capacity 8 | 8 8 8 Final Carried 8 | . 7 8 Class Distribution -------------------- 100% | Mutant Dominant Class ---------------- Mutant | -10/Materials Mutant | -10/Subcaves Resources | -11 -10 -10 ----------- Run | Yrd Mat Sub Matter Collected 532 | . 296 236 Remotely . | . . . Salvage Created 369 | . 291 78 Parts 33 | . 29 4 Haulers Intercepted . | . . . Recyclers Shooed . | . . . Parts Field Recycled . | . . . Retrieved Matter . | . . . Parts Self-Destructed 8 | . . 8 Prevented . | . . . Kills | -11 -10 -10 ------- Run | Yrd Mat Sub Combat Hostiles Destroyed 11 | . 10 1 Melee 2 | . 1 1 Guns 9 | . 9 . Classes Destroyed 5 | . 3 2 Turret 2 | . . 2 Watcher 1 | . 1 . Swarmer 6 | . 6 . Grunt 4 | . 4 . Subdweller 1 | . . 1 Best Kill Streak 3 | . 3 2 Combat Bots Only 3 | . 3 1 Max Kills in Single Turn 1 | . 1 1 Gunslinging . | . . . Exploded . | . . . Melee 1 | . 1 1 Uniques/NPCs Destroyed . | . . . Combat | -11 -10 -10 -------- Run | Yrd Mat Sub Hostile Shots Fired 127 | . 43 84 Missed 36 | . 14 22 Damage Taken 1374 | . 329 1045 Core 264 | . 50 214 Absorbed by Shields . | . . . Redirected to Shielding 53 | . 31 22 Core Remaining (%) 100 | 100 . . Volleys Fired 38 | . 25 13 Largest 2 | . 2 1 Hottest 40 | . 40 39 Shots Fired 63 | . 50 13 Gun 51 | . 50 1 Cannon 12 | . . 12 Launcher . | . . . Special . | . . . Kinetic 63 | . 50 13 Thermal . | . . . Explosive . | . . . Electromagnetic . | . . . Robot Hit Streak 10 | . 7 10 Robot Miss Streak 3 | . 3 2 Penetration Max . | . . . Secondary Targets . | . . . Shots Hit Robots 48 | . 29 19 Core Hits 17 | . 15 2 Critical Kills . | . . . Critical Parts Destroyed 2 | . 2 . Critical Strikes 3 | . 2 1 Destroy 2 | . 2 . Blast 1 | . . 1 Melee Attacks 30 | . 2 28 Impact . | . . . Slashing 30 | . 2 28 Piercing . | . . . Sneak Attacks . | . . . Combat Hostiles . | . . . Follow-up Attacks . | . . . Damage Inflicted 746 | . 389 357 Guns 377 | . 364 13 Cannons 182 | . . 182 Explosions . | . . . Melee 187 | . 25 162 Ramming . | . . . Kinetic 559 | . 364 195 Thermal . | . . . Explosive . | . . . Electromagnetic . | . . . Impact . | . . . Slashing 187 | . 25 162 Piercing . | . . . Highest Corruption . | . . . Average Corruption . | . . . Corruption Purged . | . . . Corruption Blocked . | . . . Overload Shots . | . . . Overflow Damage . | . . . Projectiles . | . . . Explosions . | . . . Melee . | . . . Knockbacks 4 | . . 4 Impact . | . . . Kinetic 4 | . . 4 Secondary . | . . . Self-Inflicted Damage . | . . . Shots . | . . . Rammed . | . . . Targets Rammed . | . . . Kicked . | . . . Crushed . | . . . Highest Temperature 2 | . 2 . Average Temperature 2 | . 2 . Received Heat Transfer 357 | . 111 246 Siege Activations . | . . . Robots Corrupted . | . . . Combat Hostiles . | . . . Parts Fried . | . . . Impact Corruptions . | . . . Robots Melted . | . . . Combat Hostiles . | . . . Parts Melted . | . . . Heat Transferred . | . . . Parts Sabotaged . | . . . Parts Stolen . | . . . Parts Stripped . | . . . Power Chain Reactions . | . . . Alert | -11 -10 -10 ------- Run | Yrd Mat Sub Peak Influence 108 | . 108 . Initial . | . . . Average 22 | . 22 . Maximum Alert Level . | . . . Low Security (%) 100 | 100 100 . Level 1 . | . . . Level 2 . | . . . Level 3 . | . . . Level 4 . | . . . Level 5 . | . . . High Security . | . . . Max Security . | . . . Squads Dispatched 2 | . 2 . Investigation 1 | . 1 . Extermination . | . . . Reinforcement 1 | . 1 . Assault . | . . . Garrison . | . . . Intercept . | . . . Searches Triggered . | . . . Construction Impeded . | . . . Haulers Reinforced . | . . . Active Scanning Responses . | . . . Cargo Convoy Interrupts . | . . . Stealth | -11 -10 -10 --------- Run | Yrd Mat Sub Distress Signals . | . . . Communications Jammed . | . . . Distress Signals . | . . . Times Spotted 41 | . 19 22 Peak Tracking Total 6 | . 4 6 Tactical Retreats 1 | . . 1 Traps | -11 -10 -10 ------- Run | Yrd Mat Sub Traps Triggered 2 | . 2 . Indirectly . | . . . Trap Hack Attempts . | . . . Triggered . | . . . Disarmed . | . . . Reprogrammed . | . . . Reused . | . . . Traps Extracted . | . . . Installed . | . . . Triggered . | . . . Machines | -11 -10 -10 ---------- Run | Yrd Mat Sub Machines Disabled . | . . . Max in Single Turn . | . . . Machines Repaired . | . . . Machines Dismantled . | . . . Machines Sabotaged . | . . . Overloaded Fab Kills . | . . . Hacking | -11 -10 -10 --------- Run | Yrd Mat Sub Machines Accessed 3 | . 3 . Terminals 3 | . 3 . Fabricators . | . . . Repair Stations . | . . . Recycling Units . | . . . Scanalyzers . | . . . Garrison Access . | . . . Total Hacks 5 | . 5 . Successful 5 | . 5 . Failed . | . . . Catastrophic . | . . . Database Lockouts . | . . . Manual . | . . . Terminals 5 | . 5 . Fabricators . | . . . Repair Stations . | . . . Recycling Units . | . . . Scanalyzers . | . . . Garrison Access . | . . . Terminal Hacks 5 | . 5 . Alert Level 3 | . 3 . Dispatch Records 1 | . 1 . Hauler Manifests 1 | . 1 . Fabricator Hacks . | . . . Repair Station Hacks . | . . . Recycling Unit Hacks . | . . . Scanalyzer . | . . . Garrison Access Hacks . | . . . Unauthorized Hacks . | . . . Terminals . | . . . Fabricators . | . . . Repair Stations . | . . . Recycling Units . | . . . Scanalyzers . | . . . Garrison Access . | . . . Data Cores Recovered . | . . . Used . | . . . Hacking Detections 1 | . 1 . Full Trace Events . | . . . Feedback Events . | . . . Feedback Blocked . | . . . Robot Schematics Acquired . | . . . Robots Built . | . . . Authchips . | . . . Time . | . . . Total Robot Build Rating . | . . . Part Schematics Acquired . | . . . Parts Built . | . . . Authchips . | . . . Time . | . . . Total Part Build Rating . | . . . Parts Repaired . | . . . Time . | . . . Parts Recycled . | . . . Recycled Matter . | . . . Retrieved Matter . | . . . Retrieved Components . | . . . Parts Scanalyzed . | . . . Part Schematics Acquired . | . . . Parts Damaged . | . . . Bothacking | -11 -10 -10 ------------ Run | Yrd Mat Sub Used RIF Installer . | . . . Robots Hacked . | . . . Non-combat . | . . . Combat . | . . . Robot Hacks Applied . | . . . Relay Couplers Released . | . . . Fabnet Peak Effective % . | . . . Robots Rewired . | . . . Allies Hacked . | . . . Hacks Repelled . | . . . Allies | -11 -10 -10 -------- Run | Yrd Mat Sub Total Allies . | . . . Largest Group . | . . . Highest-Rated Group . | . . . Highest-Rated Ally . | . . . Total Orders . | . . . Ally Attacks . | . . . Total Damage . | . . . Kills . | . . . Allies Corrupted . | . . . Allies Melted . | . . . Intel | -11 -10 -10 ------- Run | Yrd Mat Sub Robot Analysis Total . | . . . Derelict Logs Recovered 1 | . . 1 Drone Launches . | . . . Drone Recoveries . | . . . Exploration | -11 -10 -10 ------------- Run | Yrd Mat Sub Turns Passed 2469 | 55 1650 764 Spaces Moved 1357 | 29 917 411 Core 19 | 5 . 14 Treads 1222 | 24 917 281 Legs . | . . . Wheels 116 | . . 116 Hover . | . . . Flight . | . . . Fastest Speed 50 | 50 160 110 Average Speed 156 | 141 160 148 Slowest Speed 250 | 160 160 250 Overloaded Moves . | . . . Propulsion Burnouts . | . . . Robots Hopped . | . . . Cave-ins Triggered . | . . . Exploration Rate (%) 41 | 3 97 24 Regions Visited 2 Branch Regions 1 Pre-discovered Areas 1 | . . 1 Known Exits Taken . | . . . Unknown Exits Taken 2 | 1 1 . Scrap Searched . | . . . Spaces Dug . | . . . Terrain Destroyed 1 | . . 1 Melee . | . . . Projectile 1 | . . 1 AOE . | . . . Terrain Rammed . | . . . Walls Destroyed . | . . . Machines Disabled . | . . . Actions | -11 -10 -10 --------- Run | Yrd Mat Sub Total 1585 | 43 1045 497 Wait 123 | 3 89 31 Move 1355 | 28 916 411 Hop . | . . . Pick Up 20 | 6 9 5 Fast Attach . | . . . Attach 12 | 6 1 5 Detach . | . . . Swap 3 | . 2 1 Drop 4 | . 1 3 Fire 38 | . 25 13 Melee 30 | . 2 28 Ram . | . . . Kick . | . . . Crush . | . . . Escape Stasis . | . . . Rewire . | . . . Trap . | . . . Miscellaneous . | . . . Route ------- -11/Scrapyard -10/Materials (discovered 6 exits: [*Mat x3] / [*Min x2] / [*Sub]) -10/Subcaves (discovered 1 exit: [*Rec]) History --------- Turn | Location | Event 32 | -11/Scrapyard | Discovered new exit (range 14) 56 | -11/Scrapyard | Entered Materials 304 | -10/Materials | Build established: Mutant 357 | -10/Materials | Discovered new exit (range 12) 411 | -10/Materials | Discovered new exit (range 7) 921 | -10/Materials | Discovered new exit (range 6) 1063 | -10/Materials | Discovered new exit (range 10) 1103 | -10/Materials | Discovered new exit (range 10) 1212 | -10/Materials | Discovered new exit (range 5) 1706 | -10/Materials | Entered Subcaves 1723 | -10/Subcaves | Learned location of Zion (-7) 1799 | -10/Subcaves | Ambushed by swarm of Subdwellers 1806 | -10/Subcaves | Ambushed by Subdwellers from Twisted Machinery 1825 | -10/Subcaves | Core integrity fell below 50% 1851 | -10/Subcaves | Lost 4 parts (1p1n1u1w) 1960 | -10/Subcaves | Ambushed by Subdwellers from Twisted Machinery 2154 | -10/Subcaves | Shifting Twisted Machinery released Battle Cannon 2207 | -10/Subcaves | Shifting Twisted Machinery released Sub. Power Source 2233 | -10/Subcaves | Discovered new exit (range 15) 2245 | -10/Subcaves | Core integrity fell below 20% 2470 | -10/Subcaves | Destroyed by 25-OQ7(R) with Subdweller Laser Last Messages --------------- repair. 02248_ HV Slug penetrates Wall. 02249_ Lgt. Ion Engine fries itself beyond repair. 02251_ Lgt. Assault Rifle fries itself beyond repair. 02251_ HV Slug penetrates Wall. 02255_ Lgt. Ion Engine fries itself beyond repair. 02262_ Flight Unit fries itself beyond repair. 02269_ Autobeam Turret destroyed. 02271_ Autobeam Turret suffers critical hit (Blast). 02271_ Autobeam Turret destroyed. 02276_ Acquired 8 matter. 02278_ Acquired 16 matter. 02284_ Acquired 11 matter. 02295_ Acquired Mak. Leg. 02403_ 0B-A57(h) destroyed. 02468_ Lgt. Treads destroyed. Map ----- +----------------------------------------------------+ | ?????????????????????????????????????????????????? | | ?????????????????????????????????????????????????? | | ?????????????????????????????????????????????????? | | ?????????????????????????????????????????????????? | | ?????????????????????????????????????????????????? | | ?????????????????????????????????????????????????? | | ?????????????????????????????????????????????????? | | ?????????????????????????????????????????????????? | | ?????????????????????????????????????????????????? | | ?????????????????????????????????????????????????? | | ?????????????????????????????####??##########????? | | ????????????????????????????## ##?# ##???? | | ????????????????????????????# ### #???? | | ????????????????????????????# # ##??? | | ????????????????????????????# % ##?# | | ????????????????????????????# ## | | ????????????????????????????## ## | | ?????????????????????????????## ##### % | | ??????????????????????????????# ##???# % | | ?????????????????????????????## ####? | | ????????????????######???????# # #? | | #####?????????### ####????## #?# | | # # ###?####??# ##??### ### #### | | # ### ^##?### #### ## # ##% #???? | | # ## ^#???## % RR ### #???? | | # #????##### @ #???? | | ^ #????????## ## % ##???? | | # ## ##????????###### ### ##????? | | %"""##?? #?????????????# ### #?????? | | % ##??# #????????????## ######? | | #### ^##????????????# ## #? | | %&& ## #????#" ###" % % #? | | #!%=## # #?????"" %% % %# #? | | ##*[ # #???#<% % "# ## #? | | # ##??##"" % "" #### #? | | ## #????" ######## # #? | | ### #???#" ?????### # ###### #? | | ""# ### #????""" ?????## #*""# ####????# ## | | ""##" # ##???####??????# " "" #??????# # | | """ ######????????#" "" #??????# # | | ##???????#"" " # ###???#### # | | # # #???????###" #######??# # | | ### ## ##???????## ### #### ## | | ?##???## ### ## #?????### " # ###? | | ????#### ####### #####?#" "" ## ### #??? | | #???# ##### ## #?#### " #### #### #??? | | #??## ### ##???# "##?## #?## #??? | | # ##?###?## #### "#???# ##??#"" ##?# #??? | | ##"### ##?# #??# " #???###??##"" #### #??? | | #### ####### #???######"" ## #??? | +----------------------------------------------------+ Best States ------------- Heat Dissipation 25 Energy Generation 10 Energy Capacity 250 Matter Stores 300 Matter Capacity 300 Sight Range 16 Terrain Scan Density 10 Propulsion Shielding 33 Evasion (%) 40 Recoil Reduction 2 Item Schematics ----------------- None Robot Schematics ------------------ None Fabricated ------------ Nothing Alien Tech Used ----------------- None Achievements -------------- None Challenges ------------ None Game ------ Seed ExpertArchitectKit Manual? 0 Play Time 00:16:20 Cumulative 28.6 hours Start 2024.08.31 @ 22:45:42 End 2024.08.31 @ 23:01:30 Sessions 1 Manual Loads 0 Difficulty Rogue Special Mode None Game No. 33 Rogue 1 Adventurer 32 Explorer 0 Win Type - Total 0 Types 0/0/0/0/0/0/0/0/0 Lore% 12 Gallery% 21 Achievement% 20 Wizard Run 0 Options --------- Layout 1 ASCII 0 Keyboard 0 Movement Numpad Keybinds 0 Fullscreen 1 Font 24/Smallcaps Map View 50x35 Zoom Use 0% Tactical HUD 1 Map Filters NONE Filters NONE Steam 1 RUN: 3c938854-3772-47d3-b704-3cd9459c3027